 Dungeon Crawl Stone Soup version 0.31-a0-198-g2ad674f65e (webtiles) character file.

Game seed: 6825835888158426771

462 qw the Skirmisher (level 6, -5/35 HPs)
             Began as a Deep Elf Hunter on June 25, 2023.
             Slain by Edmund
             ... wielding a +3 flail of venom
              (9 damage)
             ... on level 4 of the Dungeon.
             The game lasted 00:01:13 (3130 turns).

qw the Skirmisher (Deep Elf Hunter)                 Turns: 3130, Time: 00:01:14

Health: -5/35      AC:  7    Str: 10    XL:     6   Next: 79%
Magic:  8/8        EV: 13    Int: 14    God:
Gold:   291        SH:  0    Dex: 24    Spells: 5/5 levels left

rFire   + . .        Y - +0 shortbow
rCold   + . .        (shield currently unavailable)
rNeg    . . .        l - +0 ring mail
rPois   .            j - +0 helmet
rElec   .            b - scarf {rC+ rF+}
rCorr   .            (no gloves)
SInv    .            h - +0 pair of boots
Will    .....        (no amulet)
Stlth   ++           a - +6 ring of dexterity
HPRegen 0.25/turn    (no ring)
MPRegen 0.11/turn

%: no passive effects
@: lethally poisoned (-5 -> -21)
A: no striking features
a: no special abilities


You were on level 4 of the Dungeon.
You visited 1 branch of the dungeon, and saw 5 of its levels.

You collected 291 gold pieces.


   Skills:
 - Level 2.0 Fighting
 + Level 9.5 Ranged Weapons
 - Level 1.3 Armour
 - Level 4.1 Dodging
 - Level 1.2 Stealth


You had 5 spell levels left.
You didn't know any spells.
Your spell library was empty.

Inventory:

Hand Weapons
 Y - a +0 shortbow (weapon)
Armour
 b - a scarf of resistance (worn)
 h - a +0 pair of boots (worn)
 j - a +0 helmet (worn)
 l - a +0 ring mail (worn)
Jewellery
 a - a +6 ring of dexterity (left hand)
Scrolls
 e - 8 scrolls of identify
 k - 2 scrolls of teleportation
Potions
 d - a potion of heal wounds
 f - a potion of resistance
 i - a potion of might

Dungeon Overview and Level Annotations

Branches:
Dungeon (5/15)
 Temple: D:4-7

Altars:
Gozag

Annotations:
D:3 1 runed translucent door, Crazy Yiuf
D:4 Edmund


Message History

The hobgoblin shouts!
You shoot an arrow.
The arrow hits Edmund but does no damage.
Edmund is lightly wounded.
An orc comes into view. It is wielding a +0 club.
You shoot an arrow. The orc shouts!
The arrow hits Edmund but does no damage.
Edmund is lightly wounded.
You hear a shout!
You shoot an arrow. The arrow hits Edmund!
Edmund is moderately wounded.
Edmund hits you with a +3 flail of venom.
You are poisoned.
You shoot an arrow. The arrow barely misses Edmund.
You feel very sick. The hobgoblin hits you.
An orc comes into view.
It is wielding a +2 whip of electrocution.
Edmund hits you but does no damage.
You are more poisoned.
You shoot an arrow. The orc shouts!
The arrow hits Edmund!
Edmund is heavily wounded.
You feel very sick.
You hear a shout!
The hobgoblin hits you but does no damage.
Edmund hits you with a +3 flail of venom.
You are lethally poisoned!
You shoot an arrow. The arrow hits Edmund.
Edmund is severely wounded.
You feel very sick.
The hobgoblin hits you but does no damage.
Edmund barely misses you.
You shoot an arrow. The arrow hits Edmund.
Edmund is severely wounded.
You feel very sick. The hobgoblin misses you.
Edmund hits you with a +3 flail of venom!
You die...

#.#.######.. ######
#.#......#..
#.....###.#<.....#..
#.###.....########..
#...#.....#.........
######.#.#.....#.#######.
.........................
#.....>.......#.#######
#.#####@##.##.#.#
#.....@go#.##.#.#
#........#.##.#.#
#........#..#.#.#
#......o)##...#.#
#........###....#
#........# ##.#.## .
#........# #.#..######.
##.#.........


You could see Edmund, 2 orcs and a hobgoblin.

Vanquished Creatures
  Sigmund (D:3)
  A scorpion (D:4)
  An orc priest (D:4)
  An iguana (D:3)
  4 adders
  2 worms (D:3)
  3 dart slugs
  10 ball pythons
  9 endoplasms
  A giant cockroach (D:4)
  7 goblins
  5 hobgoblins
  5 jackals
  A quokka (D:1)
  4 bats
  A frilled lizard (D:1)
  7 kobolds
  9 rats
72 creatures vanquished.

Vanquished Creatures (collateral kills)
  A scorpion (D:5)
1 creature vanquished.

Grand Total: 73 creatures vanquished

Notes
Turn   | Place    | Note
-------+----------+-------------------------------------------
     0 | D:1      | qw the Deep Elf Hunter began the quest for the Orb.
     0 | D:1      | Reached XP level 1. HP: 12/12 MP: 3/3
     0 | D:1      | 0 ||| qw: Version: 0.3-a-22-g0ed2b0b
     0 | D:1      | 0 ||| qw: Game counter: 5059
     0 | D:1      | 0 ||| qw: Melee chars always use a shield: true
     0 | D:1      | 0 ||| qw: God list: Okawaru
     0 | D:1      | 0 ||| qw: Allow faded altars: false
     0 | D:1      | 0 ||| qw: Do Orc after clearing Dungeon:15 true
     0 | D:1      | 0 ||| qw: Do second Lair branch before Depths: true
     0 | D:1      | 0 ||| qw: Lair rune preference: random
     0 | D:1      | 0 ||| qw: Goals: Normal
     0 | D:1      | 0 ||| PLANNING D:1-11
   178 | D:1      | Reached XP level 2. HP: 16/16 MP: 4/4
   182 | D:1      | Reached skill level 6 in Ranged Weapons
   426 | D:1      | 426 ||| UPGRADING to +0 pair of boots.
   525 | D:1      | Found a faded altar of an unknown god.
   527 | D:1      | Reached XP level 3. HP: 20/20 MP: 5/5
   818 | D:1      | 818 ||| READING scroll labelled QENYRA RIOXOGH.
   819 | D:1      | 819 ||| READING scroll labelled XIGYCI ERPHUB.
   820 | D:1      | 820 ||| READING scroll labelled DOSICI XUNOLA.
   821 | D:1      | 821 ||| READING scroll labelled DEXORI BOCRI.
   822 | D:1      | 822 ||| READING scroll labelled EMNOXKITEE.
   860 | D:1      | 860 ||| READING scroll labelled AZEURI KUPHIMU.
   861 | D:1      | 861 ||| DRINKING 2 clear potions.
   862 | D:1      | 862 ||| DROPPING scroll of butterflies.
  1078 | D:2      | Reached skill level 7 in Ranged Weapons
  1207 | D:2      | Reached XP level 4. HP: 25/25 MP: 6/6
  1819 | D:2      | 1819 ||| UPGRADING to scarf of resistance.
  1824 | D:2      | 1824 ||| UPGRADING to +0 helmet.
  1829 | D:2      | 1829 ||| UPGRADING to +6 ring of dexterity.
  1830 | D:2      | 1830 ||| READING 2 scrolls of identify.
  1830 | D:2      | 1830 ||| IDENTIFYING puce potion
  1947 | D:3      | Reached skill level 3 in Dodging
  2030 | D:3      | Found a runed translucent door.
  2031 | D:3      | Noticed Crazy Yiuf
  2069 | D:3      | Noticed Sigmund
  2087 | D:3      | 2087 ||| READING 3 scrolls labelled LEITEFOFIEF.
  2182 | D:3      | Found an opulent altar of Gozag.
  2213 | D:3      | Killed Sigmund
  2214 | D:3      | Reached skill level 9 in Ranged Weapons
  2214 | D:3      | Reached XP level 5. HP: 29/29 MP: 7/7
  2214 | D:3      | Reached XP level 6. HP: 34/34 MP: 8/8
  2629 | D:3      | 2629 ||| DRINKING 2 bubbling puce potions.
  2630 | D:3      | 2630 ||| READING 7 scrolls of identify.
  2630 | D:3      | 2630 ||| IDENTIFYING metallic grey potion
  2631 | D:3      | 2631 ||| DROPPING potion of degeneration.
  2888 | D:4      | 2888 ||| Stepping ~*~*~tactically~*~*~ (outnumbered).
  2890 | D:4      | 2890 ||| Stepping ~*~*~tactically~*~*~ (outnumbered).
  3093 | D:4      | You fall into a shaft and drop 1 floor!
  3093 | D:5      | Entered Level 5 of the Dungeon
  3094 | D:5      | 3094 ||| UPGRADING to +0 ring mail.
  3104 | D:5      | 3104 ||| DROPPING +0 leather armour.
  3105 | D:5      | 3105 ||| READING 3 scrolls labelled FEMUMY ACAFE.
  3106 | D:5      | 3106 ||| READING scroll labelled ODOHOA DITI.
  3107 | D:5      | 3107 ||| DROPPING 2 scrolls of summoning.
  3116 | D:5      | Reached skill level 1 in Armour
  3122 | D:4      | Noticed Edmund
  3130 | D:4      | HP: 4/35 [poisoned by Edmund]
  3130 | D:4      | Slain by Edmund

Levels and vault maps discovered:
D:1:      lightli_arrival_chessboard, layout_basic, serial_forest,
          infiniplex_forest_clump_long, infiniplex_forest_clump_curved,
          infiniplex_forest_lined_3_way, infiniplex_forest_straight_2,
          infiniplex_forest_lined_3, infiniplex_forest_join,
          infiniplex_forest_zigzag_1, infiniplex_forest_straight_2,
          infiniplex_forest_clump_tiny, ebering_ecumenical_altar_rust,
          minmay_cut_off
D:2:      layout_basic
D:3:      layout_rooms, grunt_gozag_statues, minmay_misc_feat_ornament,
          uniq_sigmund, uniq_crazy_yiuf_cottage
D:4:      minmay_skewed_foursquare, layout_basic, serial_shops,
          nicolae_shop_advertising_works [nicolae_subvault_shop_adworks],
          uniq_edmund, uniq_blork_the_orc
D:5:      layout_layer_cave, nicolae_qazlal_style_of_elements, uniq_duvessa,
          uniq_eustachio

Skill      XL: |  1  2  3  4  5  6 |
---------------+-------------------+-----
Ranged Weapons | 6 7 9 |  9.5
Dodging        | 3 4 |  4.1
Fighting       | 2 |  2.0
Armour         | 1 |  1.3
Stealth        | |  1.2

Action                     |  1- 3 |  4- 6 || total
---------------------------+-------+-------++-------
   Fire: Shortbow          |   104 |    97 ||   201
    Use: Scroll            |     6 |     5 ||    11
         Potion            |     1 |     1 ||     2
 Armour: Leather armour    |     7 |     2 ||     9
         Ring mail         |       |     3 ||     3
  Dodge: Dodged            |    26 |    21 ||    47

Table legend:
 A = Non-vault XP
 B = Vault XP
 C = Vault XP percentage of total XP
 D = Non-vault monster count
 E = Vault monster count
 F = Vault count percentage of total count
                 A         B        C        D         E       F
            +---------+---------+-------+---------+---------+-------
      Total |     288 |     373 |  56.4 |      66 |       7 |   9.6
            +---------+---------+-------+---------+---------+-------
        D:1 |      46 |       2 |   4.2 |      27 |       2 |   6.9
        D:2 |      59 |       0 |   0.0 |      20 |       0 |   0.0
        D:3 |      75 |     239 |  76.1 |      11 |       1 |   8.3
        D:4 |      25 |     132 |  84.1 |       7 |       4 |  36.4
        D:5 |      83 |       0 |   0.0 |       1 |       0 |   0.0
            +---------+---------+-------+---------+---------+-------
